 Dungeon Crawl Stone Soup version 0.30.0 (webtiles) character file.

Game seed: 8393471490903842238

12812 matuaBeast the Fighter (level 11, -6/107 HPs)
             Began as a Minotaur Berserker on Oct 3, 2023.
             Was a Priest of Trog.
             Mangled by a gnoll sergeant
             ... wielding a +5 spear of distortion
              (13 damage)
             ... on level 11 of the Dungeon.
             The game lasted 00:38:45 (10254 turns).

matuaBeast the Fighter (Minotaur Berserker)        Turns: 10254, Time: 00:38:46

Health: -6/107     AC: 24    Str: 26    XL:     11   Next: 67%
Magic:  10/10      EV:  8    Int:  4    God:    Trog [***...]
Gold:   528        SH:  0    Dex: 10    Spells: 10/10 levels left

rFire   . . .        M - +0 war axe (freeze)
rCold   . . .        (no shield)
rNeg    . . .        h - +1 plate armour
rPois   .            (helmet restricted)
rElec   .            (no cloak)
rCorr   .            t - +2 pair of gloves
SInv    +            (no boots)
Will    ++...        L - amulet of the acrobat Stlth
                     u - +4 ring of protection
HPRegen 1.37/turn    Q - ring of see invisible
MPRegen 0.12/turn

%: acrobat
@: strong-willed, regenerating
A: horns 2, retaliatory headbutt
a: Renounce Religion, Berserk, Trog's Hand


You were on level 11 of the Dungeon.
You worshipped Trog.
Trog was most pleased with you.
You visited 2 branches of the dungeon, and saw 12 of its levels.
You visited the Abyss 1 time.

You collected 538 gold pieces.
You spent 10 gold pieces at shops.

Inventory:

Hand Weapons
 a - a +0 hand axe
 E - a +1 falchion of flaming
 J - the +4 mace of Execution {vamp, rElec Str+2}
   (You found it on level 7 of the Dungeon)

   Str:       It affects your strength (+2).
   rElec:     It insulates you from electricity.
 M - a +0 war axe of freezing (weapon)
Missiles
 l - 50 stones (quivered)
Armour
 h - a +1 plate armour (worn)
 m - an orb of light
 t - a +2 pair of gloves (worn)
 y - a +2 chain mail of fire resistance
Jewellery
 u - a +4 ring of protection (left hand)
 C - a ring of fire
 L - an amulet of the acrobat (around neck)
 Q - a ring of see invisible (right hand)
 R - a ring of fire
Wands
 v - a wand of iceblast (20)
 A - a wand of quicksilver (16)
 H - a wand of polymorph (6)
 K - a wand of mindburst (15)
 O - a wand of flame (12)
Scrolls
 d - 5 scrolls of vulnerability
 g - a scroll of brand weapon
 j - 2 scrolls of fear
 k - 8 scrolls of teleportation
 r - a scroll of blinking {unknown}
 s - 2 scrolls of butterflies {unknown}
 x - a scroll of torment {unknown}
 B - a scroll of poison {unknown}
 D - 2 scrolls of magic mapping
 F - a scroll of noise {unknown}
 G - a scroll of silence {unknown}
 I - a scroll of acquirement {unknown}
 N - a scroll of enchant weapon {unknown}
 P - a scroll of identify
 S - a scroll of amnesia {unknown}
 T - a scroll of fog {unknown}
Potions
 b - 5 potions of lignification
 c - 4 potions of curing
 e - a potion of degeneration
 f - a potion of haste
 i - 5 potions of heal wounds
 n - 2 potions of magic
 o - 2 potions of attraction
 p - 3 potions of brilliance
 q - 2 potions of cancellation
 w - 2 potions of invisibility
 z - 3 potions of flight


   Skills:
 + Level 13.5 Fighting
 - Level 13.1 Axes
 + Level 13.3 Armour
 - Level 2.1 Dodging


You had 10 spell levels left.
You didn't know any spells.
Your spell library was empty.

Dungeon Overview and Level Annotations

Branches:
Dungeon (11/15)            Temple (1/1) D:7
   Lair: D:8-11         Orc: D:9-12

Altars:
Ashenzari
Cheibriados
Dithmenos
Elyvilon
Fedhas
Gozag
Hepliaklqana
Kikubaaqudgha
Makhleb
Nemelex Xobeh
Okawaru
Qazlal
Ru
Sif Muna
Trog
Uskayaw
Vehumet
Wu Jian
Xom
Yredelemnul
Zin
The Shining One

Shops:
D:3 =   D:5 *

Annotations:
D:6 2 transporters, mallonox's ghost, novice MiBe
D:11 3 runed translucent doors


Innate Abilities, Weirdness & Mutations

You have a pair of horns on your head.
You reflexively headbutt those who attack you in melee.


Message History

The gnoll hits you but does no damage. The gnoll sergeant misses you.
The gnoll misses you.
The gnoll hits you with a +1 spear of freezing.
* * * LOW HITPOINT WARNING * * *
The gnoll freezes you.
* * * LOW HITPOINT WARNING * * *
You slash the gnoll! You freeze the gnoll.
You kill the gnoll!
Trog accepts your kill.
You slash the gnoll! You freeze the gnoll.
You kill the gnoll!
Trog accepts your kill.
The gnoll sergeant hits you but does no damage.
Space warps around you.
* * * LOW HITPOINT WARNING * * *
The gnoll hits you but does no damage. The gnoll barely misses you.
You furiously retaliate!
You headbutt the gnoll!
You kill the gnoll!
Trog accepts your kill.
The gnoll sergeant hits you from afar with a +5 spear of distortion.
* * * LOW HITPOINT WARNING * * *
Space warps around you.
* * * LOW HITPOINT WARNING * * *
You see here a +0 whip.
The gnoll sergeant closely misses you.
You slash the gnoll sergeant! You freeze the gnoll sergeant.
The gnoll sergeant is severely wounded.
The gnoll sergeant barely misses you.
You barely miss the gnoll sergeant.
The gnoll sergeant is severely wounded.
The gnoll sergeant hits you with a +5 spear of distortion!
* * * LOW HITPOINT WARNING * * *
Space warps around you.
* * * LOW HITPOINT WARNING * * *
You hit the gnoll sergeant but do no damage.
The gnoll sergeant is severely wounded.
You recover from your berserk rage.
The gnoll sergeant hits you but does no damage.
Space warps horribly around you!
You die...

#.# #.###### ## #.# #.# ##.##
#.# # #...# ####.###### .
#...# #.........##### #.
#...# #.......#.#..).
#.###...#####.##....#.#....
.##........)).#.##....#.#....
..........)÷@÷÷.......#......
.#.........g.#..############
...###...#####...#uN..# .#
#.......# #...#u#!#§
#.#...#.# #...+uu..#
#.#...#.# #...+u.#.!
#....##.# ##..+.!..#
#.#.###.# #..#.#.#. #.#[###.#
#..#....#


You could see 2 ugly things and a gnoll sergeant.

Vanquished Creatures
  A daeva (Abyss:1)
  A boulder beetle (D:10)
  2 two-headed ogres
  A smoke demon (Abyss:1)
  Maggie (D:9)
  A komodo dragon (D:11)
  A troll (D:9)
  A hornet (D:10)
  6 raiju (Abyss:1)
  16 yaks
  A wraith (D:10)
  2 wyverns
  A shadow (D:9)
  A large abomination (Abyss:1)
  A chaos spawn (Abyss:1)
  A small abomination (Abyss:1)
  3 vampire mosquitoes (D:11)
  3 water moccasins
  2 acid dragons
  2 ice beasts
  2 sky beasts
  2 orc warriors
  2 ogres (D:5)
  6 centaurs
  3 phantoms
  A kobold brigand (D:8)
  2 bullfrogs
  A scorpion (D:5)
  17 killer bees
  6 howler monkeys
  A quasit (Abyss:1)
  2 jellies
  5 orc priests
  4 hounds
  2 sleepcaps (D:6)
  A gnoll bouda (D:5)
  6 iguanas
  8 orc wizards
  6 adders
  12 gnolls
  2 ufetubi (D:5)
  3 worms
  5 dart slugs
  23 orcs
  8 endoplasms
  3 giant cockroaches (D:4)
  8 goblins
  6 hobgoblins
  9 kobolds
  2 quokkas (D:4)
  11 ball pythons
  9 bats
  3 frilled lizards
  4 rats
233 creatures vanquished.

Notes
Turn   | Place    | Note
-------+----------+-------------------------------------------
     0 | D:1      | matuaBeast the Minotaur Berserker began the quest for the
                  | Orb.
     0 | D:1      | Reached XP level 1. HP: 19/19 MP: 0/0
   242 | D:1      | Reached XP level 2. HP: 25/26 MP: 1/1
   622 | D:2      | Reached skill level 5 in Axes
   707 | D:2      | Reached XP level 3. HP: 31/31 MP: 2/2
  1401 | D:3      | Found a sacrificial altar of Ru.
  1414 | D:3      | Reached ** piety under Trog
  1468 | D:3      | Reached XP level 4. HP: 25/39 MP: 3/3
  1534 | D:3      | Identified the +0 leather armour "Fagrus" {Int+3}
  1917 | D:3      | Found Sego's Jewellery Emporium.
  2335 | D:4      | Noticed a water moccasin
  2351 | D:4      | Noticed a phantom
  2408 | D:4      | Reached XP level 5. HP: 35/45 MP: 4/4
  2446 | D:4      | Killed a phantom
  2504 | D:4      | Killed a water moccasin
  2505 | D:4      | Reached XP level 6. HP: 51/51 MP: 5/5
  2557 | D:4      | Identified the staff of fire "Gashouh" {rElec rF+ Dex+3}
  2759 | D:4      | Found a glowing golden altar of the Shining One.
  2949 | D:4      | Found a hazy altar of Hepliaklqana.
  2950 | D:4      | Found a shimmering altar of Xom.
  2951 | D:4      | Noticed a spectral ugly thing
  3287 | D:5      | Entered Level 5 of the Dungeon
  3296 | D:5      | Reached XP level 7. HP: 57/57 MP: 6/6
  3323 | D:5      | Found Lyq Qayt's CLEARANCE SALE!.
  3328 | D:5      | Bought a scroll of identify for 10 gold pieces
  3350 | D:5      | Reached *** piety under Trog
  3417 | D:5      | Reached skill level 10 in Axes
  3495 | D:5      | Identified the +5 dagger of Checkmate {venom, rPois rF-
                  | Str+3}
  3694 | D:5      | Found a basalt altar of Yredelemnul.
  4163 | D:5      | Reached XP level 8. HP: 52/64 MP: 7/7
  4965 | D:6      | Noticed a hornet
  4968 | D:6      | Found a transporter.
  4971 | D:6      | Found a transporter.
  4972 | D:6      | Noticed mallonox's ghost (novice MiBe)
  4978 | D:6      | Noticed a queen bee
  5172 | D:6      | Found a shadowy altar of Dithmenos.
  5183 | D:6      | Reached skill level 5 in Fighting
  5741 | D:7      | Reached XP level 9. HP: 74/74 MP: 8/8
  5778 | D:7      | Found a staircase to the Ecumenical Temple.
  5835 | D:7      | Reached skill level 5 in Armour
  5976 | D:7      | Identified the +1 ring mail of Ippic {Dex+3}
  6089 | D:7      | Identified the +4 mace of Execution {vamp, rElec Str+2}
  6429 | Temple   | Entered the Ecumenical Temple
  6714 | D:8      | Reached **** piety under Trog
  6886 | D:8      | Found an ornate altar of the Wu Jian Council.
  7423 | D:8      | Reached XP level 10. HP: 58/91 MP: 9/9
  8477 | D:9      | Noticed Maggie
  8502 | D:9      | Killed Maggie
  8620 | D:9      | Found a bloodstained altar of Trog.
  8689 | D:9      | Reached skill level 10 in Fighting
  8837 | D:9      | Noticed a two-headed ogre
  8847 | D:9      | Killed a two-headed ogre
  8848 | D:9      | Reached skill level 10 in Armour
  9041 | D:10     | Entered Level 10 of the Dungeon
  9246 | D:10     | Found a hide-covered altar of Uskayaw.
  9246 | D:10     | Found an iron altar of Okawaru.
  9254 | D:10     | Found a white marble altar of Elyvilon.
  9256 | D:10     | Found a glowing silver altar of Zin.
  9258 | D:10     | Found an opulent altar of Gozag.
  9554 | D:10     | Noticed a boulder beetle
  9565 | D:10     | Killed a boulder beetle
  9566 | D:10     | Reached XP level 11. HP: 104/104 MP: 10/10
  9567 | D:10     | Found a blossoming altar of Fedhas.
  9570 | D:10     | Found an ancient bone altar of Kikubaaqudgha.
  9654 | D:11     | Noticed a two-headed ogre
  9658 | D:11     | Killed a two-headed ogre
  9803 | D:11     | Noticed a red ugly thing
  9804 | D:11     | Found a runed translucent gate.
  9804 | D:11     | Found a runed translucent gate.
  9804 | D:11     | Found a runed translucent gate.
  9804 | D:11     | Noticed an ettin
  9804 | D:11     | Noticed a white ugly thing
  9805 | D:11     | an ettin changed into a tyrant leech
  9807 | D:11     | Noticed a white ugly thing
  9810 | D:11     | Noticed a red ugly thing
  9813 | D:11     | Noticed a cyan ugly thing
  9816 | D:11     | a tyrant leech changed into a goliath frog
  9816 | D:11     | Noticed a goliath frog (glowing shapeshifter)
  9817 | D:11     | a goliath frog changed into a wolf spider
  9817 | D:11     | Noticed a wolf spider (glowing shapeshifter)
  9820 | D:11     | a wolf spider changed into a shining eye
  9820 | D:11     | Noticed a shining eye (glowing shapeshifter)
  9953 | Abyss:1  | Found a runed translucent door.
  9953 | Abyss:1  | Found a corrupted altar of Lugonu.
  9953 | Abyss:1  | Cast into level 1 of the Abyss (gnoll sergeant)
 10040 | Abyss:1  | Noticed a daeva
 10055 | Abyss:1  | Killed a daeva
 10244 | D:11     | Escaped the Abyss
 10254 | D:11     | Mangled by a gnoll sergeant

Illustrated notes

Levels and vault maps discovered:
D:1:      lordsloth_arrival_two_stooges, layout_basic, kennysheep_flooded_box
D:2:      layout_loops_cross, amcnicky_mini_corridor_feature
D:3:      layout_basic, mainiacjoe_overflow_surrounded_room, serial_shops, shop,
          hangedman_decor_points
D:4:      minmay_clustersquares, layout_loops_ring,
          regret_index_temple_of_mockery, tso_metal_star
D:5:      cheibrodos_two_vegetables, layout_loops_ring,
          mainiacjoe_overflow_alcove_1, nicolae_shop_clearance
D:6:      layout_gridville, mainiacjoe_overflow_brackets, gammafunk_ghost_hive,
          chequers_arboretum
D:7:      layout_rooms, minmay_temple_entry_grid
D:8:      layout_basic, marbit_many_paths
D:9:      layout_basic, lemuel_round_altar, nicolae_figureground_sparkle,
          uniq_maggie
D:10:     layout_gridville, grunt_temple_overflow_growth_and_decay,
          chequers_temple_overflow_minitemple
D:11:     layout_loops_cross, erik_lair_orcish_takeover,
          ploomutoo_gammafunk_ghost_potion_laboratory
Temple:   hellmonk_temple_two_chambers

Skill      XL: |  1  2  3  4  5  6  7  8  9 10 11 |
---------------+----------------------------------+-----
Axes           | 4 5 7 8 9 11 13 | 13.1
Fighting       | 5 9 11 13 | 13.5
Armour         | 4 8 11 13 | 13.3
Dodging        | |  2.1

Action                     |  1- 3 |  4- 6 |  7- 9 | 10-12 || total
---------------------------+-------+-------+-------+-------++-------
  Melee: Hand axe          |    99 |   110 |   245 |       ||   454
         Headbutt          |    13 |    14 |    59 |    33 ||   119
         Punch             |     1 |     1 |     6 |     3 ||    11
         War axe           |       |       |    80 |   205 ||   285
  Throw: Stone             |       |    15 |    17 |     2 ||    34
 Invoke: Berserk           |       |     2 |     2 |     9 ||    13
         Trog's Hand       |       |     1 |     1 |     9 ||    11
    Use: Scroll            |     4 |     4 |     3 |    10 ||    21
         Potion            |       |       |       |     1 ||     1
 Armour: Plate armour      |    63 |    59 |    14 |   137 ||   273
         Chain mail        |       |       |   113 |    11 ||   124
  Dodge: Dodged            |    39 |    30 |   122 |   142 ||   333
